 Dungeon Crawl Stone Soup version 0.30-a0-758-gc2c871d025 (console) character file.

Game seed: 10884326555034128205

165 Banquo the Magician (level 5, 0/38 HPs)
             Began as a Djinni Conjurer on Feb 10, 2023.
             Killed from afar by a steam dragon (1 damage)
             ... with a ball of steam
             ... on level 4 of the Dungeon.
             The game lasted 00:09:57 (2953 turns).

Banquo the Magician (Djinni Conjurer)               Turns: 2953, Time: 00:09:58

Health: 0/38       AC:  8    Str:  6    XL:     5   Next: 74%
Gold:   127        EV: 11    Int: 22    God:
                   SH:  0    Dex: 11

rFire   + . .      SeeInvis .    y - +2 whip (elec)
rCold   + . .      Faith    .    (no shield)
rNeg    . . .      Spirit   .    q - +2 leather armour {rC+}
rPois   ∞          Reflect  .    r - +0 helmet
rElec   .          Harm     .    z - +0 cloak
rCorr   .          Rampage  .    n - +0 pair of gloves
Will    .....                    (boots unavailable)
Stlth   +                        (no amulet)
HPRegen 0.26/turn                g - ring of ice
MPRegen 0.00/turn                (no ring)

@: flying
A: sickness immunity, fire resistance 2, cold vulnerability 1, float, innate
caster, HP casting, extra vitality 1
a: no special abilities


You were on level 4 of the Dungeon.
You visited 1 branch of the dungeon, and saw 4 of its levels.

You collected 127 gold pieces.

Inventory:

Hand Weapons
 o - a +0 dagger
 x - a +0 spear
 y - a +2 whip of electrocution (weapon)
Missiles
 e - a throwing net
Armour
 a - a +0 robe
 m - the +2 robe of Analysis {Rampage MP+9 Str+3 Int+4}
   (You found it on level 2 of the Dungeon)

   Str:       It affects your strength (+3).
   Int:       It affects your intelligence (+4).
   MP:        It affects your magic capacity (+9).
   Rampage:   It bestows one free step when moving towards enemies.
 n - a +0 pair of gloves (worn)
 q - a +2 leather armour of cold resistance (worn)
 r - a +0 helmet (worn)
 z - a +0 cloak (worn)
Jewellery
 g - a ring of ice (left hand)
Scrolls
 d - 3 scrolls of identify {unknown}
 h - a scroll of butterflies {unknown}
 i - a scroll of enchant weapon {unknown}
 l - a scroll of enchant armour {unknown}
 p - a scroll of brand weapon {unknown}
 t - 4 scrolls of fear {unknown}
 u - 2 scrolls of teleportation {unknown}
 v - a scroll of vulnerability {unknown}
 w - a scroll of noise {unknown}
Potions
 b - a potion of magic
 c - a potion of degeneration {unknown}
 f - 2 potions of curing {unknown}
 j - 2 potions of heal wounds {unknown}
 k - 2 potions of flight {unknown}
 s - a potion of berserk rage {unknown}
 A - a potion of brilliance {unknown}


   Skills:
 * Level 2.0 Fighting
 - Level 2.1 Dodging
 - Level 1.5 Stealth
 + Level 4.8 Spellcasting


You couldn't memorise any spells.
You knew the following spells:

 Your Spells              Type           Power      Damage    Failure   Level
a - Magic Dart            Conj           100%       1d8       2%          1
b - Lesser Beckoning      Tloc           52%        N/A       3%          2
c - Dazzling Flash        Conj/Hex       52%        N/A       7%          3
e - Iskenderun's Mystic   Conj/Tloc      26%        2d7       22%         4
f - Sandblast             Erth           52%        2d12      2%          1
p - Fulminant Prism       Conj/Hex       13%        3d9       22%         4
r - Searing Ray           Conj           52%        2d6       3%          2
Your spell library was empty.

Dungeon Overview and Level Annotations

Branches:
Dungeon (4/15)
 Temple: D:4-7

Altars:
Ashenzari
Gozag

Annotations:
D:3 4 runed translucent doors, Crazy Yiuf; Rrauwl's ghost, amateur TeHu


Innate Abilities, Weirdness & Mutations

You are immune to sickness and miasma.
You are immune to poison.
Your flesh is very heat resistant. (rF++)
You are vulnerable to cold. (rC-)
You float through the air rather than walking.
You learn spells naturally, not from books.
Your magical power is your life essence.
You have superior vitality. (+4 MHP)


Message History

The steam dragon misses you. The steam dragon breathes steam at you.
The ball of steam hits you. You resist.
A goblin comes into view. It is wielding a +0 dagger.
The goblin shouts!
You hear a shout! x2
The steam dragon bites you.
* * * LOW HITPOINT WARNING * * *
The steam dragon barely misses you. The steam dragon bites you.
* * * LOW HITPOINT WARNING * * *
The steam dragon claws you but does no damage.
Casting: Searing Ray (safe; 3% risk of failure)
Confirm with . or Enter, or press ? or * to list all spells.
Aiming: Searing Ray (safe; 3% risk of failure)
Press: ? - help, Shift-Dir - straight line, f/p - steam dragon
Aim: a steam dragon (severely wounded, catching its breath, 79% to hit)
The searing ray misses the steam dragon. (Press . to maintain the ray.)
* * * LOW HITPOINT WARNING * * *
The steam dragon bites you.
* * * LOW HITPOINT WARNING * * *
The steam dragon claws you but does no damage.
Without enough magic to sustain it, your searing ray dissipates.
The steam dragon misses you.
The steam dragon claws you but does no damage.
You barely miss the steam dragon.
The steam dragon is severely wounded.
The steam dragon bites you but does no damage.
The steam dragon claws you.
* * * LOW HITPOINT WARNING * * *
Your magical contamination has completely faded away.
You barely miss the steam dragon.
The steam dragon is severely wounded.
The steam dragon barely misses you.
The steam dragon claws you but does no damage.
You barely miss the steam dragon.
The steam dragon is severely wounded.
The steam dragon breathes steam at you. The ball of steam hits you. You resist.
You die...

g.......# #.........#
#####.......#.###g.......##
##
#.............##........#+
...#.####### #..'...#+#...#
...#<....... ##.##### #..#
..........#. #)# #.#
##........# #g# .#
#........# #D#########+#
#........# #@..........
#.#........ ##..##.....#
#.######### #.#####.... #.
#........#. #.
########........#
.......<.)).....#
########........#
.......†........+
########........#


You could see a steam dragon (catching breath) and a goblin.

Vanquished Creatures
  Robin (D:2)
  5 gnolls
  An adder (D:2)
  2 worms
  2 dart slugs
  4 orcs
  4 bats
  7 endoplasms
  4 giant cockroaches
  17 goblins
  8 hobgoblins
  2 kobolds
  5 quokkas
  7 ball pythons
  3 frilled lizards (D:1)
  7 rats
79 creatures vanquished.

Vanquished Creatures (others)
  A fulminant prism (D:4)
1 creature vanquished.

Grand Total: 80 creatures vanquished

Notes
Turn   | Place    | Note
-------+----------+-------------------------------------------
     0 | D:1      | Banquo the Djinni Conjurer began the quest for the Orb.
     0 | D:1      | Banquo set off with the following spells memorised: Magic
                  | Dart, Searing Ray, Dazzling Flash, Fulminant Prism,
                  | Iskenderun's Mystic Blast.
     0 | D:1      | Reached XP level 1. HP: 15/15 MP: 0/0
   121 | D:1      | Reached XP level 2. HP: 21/22 MP: 0/0
   425 | D:1      | Reached XP level 3. HP: 21/26 MP: 0/0
   425 | D:1      | Learned a level 1 spell: Sandblast
   594 | D:1      | Reached skill level 1 in Fighting
   778 | D:2      | Reached skill level 4 in Spellcasting
   985 | D:2      | Identified the +2 robe of Analysis {Rampage MP+9 Str+3
                  | Int+4}
  1036 | D:2      | Reached XP level 4. HP: 29/32 MP: 0/0
  1066 | D:2      | Found a faded altar of an unknown god.
  1366 | D:2      | Noticed Robin
  1374 | D:2      | Killed Robin
  1946 | D:3      | Found a runed translucent door.
  1947 | D:3      | Noticed Crazy Yiuf
  1974 | D:3      | Found a broken altar of Ashenzari.
  2138 | D:3      | Reached XP level 5. HP: 33/38 MP: 0/0
  2138 | D:3      | Learned a level 2 spell: Lesser Beckoning
  2527 | D:3      | Found a runed translucent gate.
  2529 | D:3      | Found a runed translucent gate.
  2529 | D:3      | Found a runed translucent gate.
  2529 | D:3      | Found an opulent altar of Gozag.
  2531 | D:3      | Noticed Rrauwl's ghost (amateur TeHu)
  2531 | D:3      | Noticed an ogre
  2923 | D:4      | Noticed a steam dragon
  2949 | D:4      | HP: 1/38 [steam dragon (3)]
  2953 | D:4      | Killed from afar by a steam dragon

Illustrated notes

Levels and vault maps discovered:
D:1:      nzn_arrival_settlement, layout_rooms, st_stairs_7,
          roderic_roman_lattice
D:2:      layout_basic, chequers_ecumenical_altar_simple_redux, uniq_robin
D:3:      layout_basic, ashenzari_conservatory_becter, ebering_ghost_gozag,
          minmay_misc_feat_secret_circle, uniq_crazy_yiuf_cottage
D:4:      layout_basic, minmay_pentangle

Skill      XL: |  1  2  3  4  5 |
---------------+----------------+-----
Fighting       | 1 2 |  2.0
Spellcasting   | 4 |  4.8
Dodging        | |  2.1
Stealth        | |  1.5

Action                     |  1- 3 |  4- 6 || total
---------------------------+-------+-------++-------
  Melee: Dagger            |       |     1 ||     1
         Whip              |       |     3 ||     3
   Cast: Magic Dart        |    66 |    81 ||   147
         Searing Ray       |     1 |    10 ||    11
         Fulminant Prism   |       |     1 ||     1
 Armour: Robe              |     2 |       ||     2
         Leather armour    |       |     7 ||     7
  Dodge: Dodged            |     6 |    11 ||    17

Table legend: (Time is in decaauts)
 A = Elapsed time spent in this place.
 B = Non-inter-level travel time spent in this place.
 C = Inter-level travel time spent in this place.
 D = Time resting spent in this place.
 E = Time spent auto-exploring this place.
 F = Levels seen in this place.
 G = Mean time per level.
                   A        B        C        D        E       F      G
               +--------+--------+--------+--------+--------+-----+--------+
         Total |   2952 |   2559 |    393 |    130 |   1875 |   4 |  738.0 |
       Dungeon |   2952 |   2559 |    393 |    130 |   1875 |   4 |  738.0 |
               +--------+--------+--------+--------+--------+-----+--------+

Top non-repeatable levels by time:
     D:2: 1083 daAuts
     D:3: 990 daAuts
     D:1: 734 daAuts
     D:4: 144 daAuts
